 Dungeon Crawl Stone Soup version 0.31-a0-233-g139696dc86 (webtiles) character file.

Game seed: 10300030811170416222

32 Nietzsche the Trooper (level 3, -1/30 HPs)
             Began as a Barachi Fighter on July 10, 2023.
             Killed by nerve-wracking pain
             ... invoked by Jessica
              (10 damage)
             ... on level 2 of the Dungeon.
             The game lasted 00:02:46 (787 turns).

Nietzsche the Trooper (Barachi Fighter)              Turns: 787, Time: 00:02:47

Health: -1/30      AC:  9    Str: 17    XL:     3   Next: 25%
Magic:  4/4        EV:  9    Int: 10    God:
Gold:   51         SH:  0    Dex: 11    Spells: 4/4 levels left

rFire   . . .        i - +1 quarterstaff (heavy)
rCold   . . .        (shield currently unavailable)
rNeg    . . .        b - +0 scale mail
rPois   .            (no helmet)
rElec   .            k - +0 cloak
rCorr   .            g - +0 pair of gloves
SInv    .            (no boots)
Will    .....        (no amulet) Stlth
                     (no ring)
HPRegen 0.25/turn    (no ring)
MPRegen 0.09/turn

%: no passive effects
@: slowed, very slow
A: amphibious, slowness 1, strong legs 1, +LOS
a: Hop


You were on level 2 of the Dungeon.
You visited 1 branch of the dungeon, and saw 2 of its levels.

You collected 51 gold pieces.

Inventory:

Hand Weapons
 a - a +0 flail
 e - a +1 whip of electrocution
 i - a +1 heavy quarterstaff (weapon)
Armour
 b - a +0 scale mail (worn)
 c - a +0 buckler
 g - a +0 pair of gloves (worn)
 k - a +0 cloak (worn)
Scrolls
 f - 3 scrolls of amnesia {unknown}
 h - a scroll of teleportation {unknown}
 j - a scroll of fear {unknown}
Potions
 d - a potion of might
 l - a potion of heal wounds {unknown}


   Skills:
 + Level 4.2 Fighting
 - Level 2.7 Maces & Flails
 * Level 0.1(1.6) Staves
 + Level 3.8 Armour
 - Level 3.2 Shields
 * Level 1.2 Spellcasting


You had 4 spell levels left.
You didn't know any spells.
Your spell library was empty.

Dungeon Overview and Level Annotations

Branches:
Dungeon (2/15)

Altars:

Shops:
D:2 *

Annotations:
D:2 Jessica


Innate Abilities, Weirdness & Mutations

You are amphibious.
You cover ground slowly.
You can hop short distances.
You have an extended range of vision and can be seen from far away.


Message History

A worm comes into view.
The worm moves out of view.
Jessica the Apprentice Sorceress comes into view.
She is wielding a +6 club.
Jessica shouts!
Jessica mumbles some strange words.
Jessica blinks!
You open the door. Jessica hits you with a +6 club.
There is an open door here.
You completely miss Jessica. Jessica hits you with a +6 club. x2
You closely miss Jessica.
Jessica gestures wildly while chanting.
Jessica seems to speed up.
Jessica gestures wildly while chanting.
Jessica blinks!
Jessica gestures wildly while chanting.
Jessica blinks!
Jessica grins evilly.
Jessica gestures wildly while chanting.
Jessica blinks!
There is an open door here.
Jessica grins evilly.
Jessica gestures wildly while chanting.
Jessica blinks!
The worm closely misses you.
You bludgeon the worm!!
You kill the worm!
Jessica gestures at you while chanting.
You feel yourself slow down. Jessica gestures at you while chanting.
Pain shoots through your body!
There is an open door here.
Jessica points at you and mumbles some strange words.
You feel as though you will be slow longer.
Jessica casts a spell at you. Pain shoots through your body!
* * * LOW HITPOINT WARNING * * *
Jessica points at you and mumbles some strange words.
Pain shoots through your body!
You die...

#.#.....# #.#.....# # .......#
#. #.......# .# #.# #.#.....#
... ...#.#.....##+###
.#.###.#.#..........#
.........#.|........#
#..>..#@...@#......#
#+#........#..#......#
...........'.........#
...........#.........###
...........#...........#
#+#........#...........# ###
#.......................##....
#...#####.###.#....)..........
+.. +.....# #.#.....8.8.......


You could see Jessica (fast).

Vanquished Creatures
  A worm (D:2)
  A dart slug (D:1)
  A ball python (D:1)
  A bat (D:1)
  3 endoplasms (D:1)
  5 goblins (D:1)
  4 hobgoblins
  A quokka (D:1)
  3 kobolds (D:1)
  6 rats (D:1)
26 creatures vanquished.

Notes
Turn   | Place    | Note
-------+----------+-------------------------------------------
     0 | D:1      | Nietzsche the Barachi Fighter began the quest for the Orb.
     0 | D:1      | Reached XP level 1. HP: 18/18 MP: 1/1
   255 | D:1      | Reached skill level 4 in Fighting
   255 | D:1      | Reached XP level 2. HP: 21/25 MP: 2/2
   320 | D:1      | Reached skill level 1 in Spellcasting
   447 | D:1      | Reached XP level 3. HP: 25/30 MP: 4/4
   756 | D:2      | Found Daniegai's Assorted Antiques.
   772 | D:2      | Noticed Jessica
   787 | D:2      | Killed from afar by Jessica

Illustrated notes

Levels and vault maps discovered:
D:1:      shiori_shiawase, layout_basic, minmay_tromino_v2
D:2:      layout_basic, serial_shops, nicolae_shop_tiny_statue_garden,
          uniq_jessica

Skill      XL: |  1  2 |
---------------+-------+-----
Fighting       | 4 |  4.2
Spellcasting   | 1 |  1.2
Maces & Flails | |  2.7
Staves         | |  0.1
Armour         | |  3.8
Shields        | |  3.2

Action                     || total
---------------------------++-------
  Melee: Flail             ||    56
         Quarterstaff      ||     7
 Armour: Scale mail        ||    49
  Dodge: Dodged            ||    43

Table legend: (Time is in decaauts)
 A = Elapsed time spent in this place.
 B = Non-inter-level travel time spent in this place.
 C = Inter-level travel time spent in this place.
 D = Time resting spent in this place.
 E = Time spent auto-exploring this place.
 F = Levels seen in this place.
 G = Mean time per level.
                   A        B        C        D        E       F      G
               +--------+--------+--------+--------+--------+-----+--------+
         Total |    924 |    853 |     71 |      0 |    586 |   2 |  462.0 |
       Dungeon |    924 |    853 |     71 |      0 |    586 |   2 |  462.0 |
               +--------+--------+--------+--------+--------+-----+--------+

Top non-repeatable levels by time:
     D:1: 855 daAuts
     D:2: 69 daAuts
